 Dungeon Crawl Stone Soup version 0.30-b1-2-g02819fbbbe (webtiles) character file.

Game seed: 4349944088196985553

28004 Sondawg117 the Severer (level 13, -3/126 HPs)
             Began as a Minotaur Berserker on July 17, 2023.
             Was a High Priest of Trog.
             Slain by a shock serpent (10 damage)
             ... on level 2 of the Snake Pit on July 18, 2023.
             The game lasted 02:27:49 (15205 turns).

Sondawg117 the Severer (Minotaur Berserker)        Turns: 15205, Time: 02:27:50

Health: -3/126     AC: 19    Str: 30    XL:     13   Next: 7%
Magic:  12/12      EV: 14    Int:  6    God:    Trog [*****.]
Gold:   2365       SH:  0    Dex: 11    Spells: 12/12 levels left

rFire   . . .        u - +2 broad axe (flame)
rCold   . . .        (no shield)
rNeg    . . .        C - +0 plate armour
rPois   .            (helmet restricted)
rElec   .            (no cloak)
rCorr   .            E - +0 pair of gloves
SInv    .            z - +0 pair of boots
Will    .....        (no amulet) Stlth
                     k - +5 ring of evasion
HPRegen 0.41/turn    U - +6 ring of strength
MPRegen 0.13/turn

%: no passive effects
@: no status effects
A: horns 2, retaliatory headbutt
a: Renounce Religion, Berserk, Trog's Hand, Brothers in Arms


You were on level 2 of the Snake Pit.
You worshipped Trog.
Trog was extremely pleased with you.
You visited 3 branches of the dungeon, and saw 16 of its levels.
You also visited: Sewer.

You collected 2365 gold pieces.

Inventory:

Hand Weapons
 d - a +5 spear
 u - a +2 broad axe of flaming (weapon)
 y - a +4 falchion
 P - a +4 trident of freezing
 Q - a +4 flail
Missiles
 f - 2 throwing nets
 p - 68 poisoned darts
 F - a curare-tipped dart
 H - 6 atropa-tipped darts
 L - 2 boomerangs of dispersal
Armour
 z - a +0 pair of boots (worn)
 C - a +0 plate armour (worn)
 E - a +0 pair of gloves (worn)
 G - +0 steam dragon scales
Jewellery
 a - a ring of poison resistance
 h - a ring of resist corrosion
 k - a +5 ring of evasion (left hand)
 U - a +6 ring of strength (right hand)
Wands
 l - a wand of flame (21) (quivered)
 x - a wand of roots (19)
 S - a wand of mindburst (9)
 T - a wand of charming (3)
 Z - a wand of acid (7)
Scrolls
 b - 2 scrolls of amnesia
 j - a scroll of poison
 q - a scroll of torment {unknown}
 t - 2 scrolls of vulnerability
 v - 2 scrolls of fear
 w - 3 scrolls of fog
 A - 2 scrolls of teleportation
 I - 3 scrolls of blinking
 K - a scroll of immolation
 M - a scroll of enchant armour {unknown}
 O - 2 scrolls of magic mapping
 R - a scroll of enchant weapon
Potions
 c - a potion of heal wounds
 e - 3 potions of lignification
 g - 5 potions of brilliance
 i - a potion of resistance
 m - 2 potions of cancellation
 n - 7 potions of curing
 o - a potion of invisibility
 s - a potion of magic
 N - a potion of flight
 V - 8 potions of ambrosia
 W - 2 potions of haste


   Skills:
 - Level 15.0 Fighting
 - Level 15.0(16.1) Axes
 - Level 10.0(13.7) Maces & Flails
 + Level 13.7 Armour
 - Level 2.1 Dodging


You had 12 spell levels left.
You didn't know any spells.
Your spell library was empty.

Dungeon Overview and Level Annotations

Branches:
Dungeon (11/15)            Temple (0/1) D:5            Lair (3/5) D:11
  Swamp (0/4) Lair:2        Snake (2/4) Lair:3        Sewer (visited)
    Orc: D:9-12

Altars:
Ashenzari
Cheibriados
Dithmenos
Fedhas
Gozag
Hepliaklqana
Nemelex Xobeh
Okawaru
Ru
Sif Muna
Uskayaw
Vehumet
Wu Jian
Xom
Yredelemnul
Zin
The Shining One

Annotations:
Lair:2 3 runed translucent doors, Alarkh's ghost, journeyman DsHs


Innate Abilities, Weirdness & Mutations

You have a pair of horns on your head.
You reflexively headbutt those who attack you in melee.


Message History

The salamander mystic hits you with a +0 quarterstaff.
You are engulfed in flames!
* * * LOW HITPOINT WARNING * * *
You slash the salamander mystic!
The salamander mystic is almost dead.
You barely miss the salamander mystic.
The salamander mystic is almost dead.
The salamander mystic hits you but does no damage.
You closely miss the salamander mystic. You headbutt the salamander mystic!
You kill the salamander mystic!
Trog accepts your kill.
Trog appreciates your killing of a magic user.
You start resting.
You feel a strong urge to attack something.
You start resting.
You feel your anger nearly subside.
You are no longer berserk.
You are exhausted.
You feel yourself slow down.
You start resting.
You feel yourself speed up.
You start resting.
You recover from your berserk rage.
You start resting.
A shock serpent comes into view.
The shock serpent hisses angrily.
The shock serpent shoots out a bolt of lightning at you!
The bolt of electricity hits you! The shock serpent bites you!
The shock serpent shocks you!
* * * LOW HITPOINT WARNING * * *
You closely miss the shock serpent.
The shock serpent bites you but does no damage.
You slash the shock serpent! You burn the shock serpent!
You headbutt the shock serpent.
The shock serpent is heavily wounded.
The shock serpent's electric aura discharges, shocking you!
* * * LOW HITPOINT WARNING * * *
The shock serpent bites you.
* * * LOW HITPOINT WARNING * * *
The shock serpent shocks you!
You die...

#.... #รท#..># #....
#....## #....###..###
#......)..#
#....####).# #...
#..## #.. ####>..####
## #....^....#
#..#......@# #.
#......S### ..
####)##...# .
#....#.## #.....))###
#...........####
#............).#
#....#####..#....N...
#.... #.#.#.#.#...


You could see a shock serpent.

Vanquished Creatures
  A hydra (Lair:3)
  2 two-headed ogres (D:10)
  A boulder beetle (D:10)
  A shock serpent (Snake:1)
  A naga sharpshooter (Snake:2)
  Nergalle (Lair:3)
  A salamander mystic (Snake:2)
  Pikel (D:4)
  A manticore (D:11)
  2 salamanders
  A naga mage (Snake:2)
  6 black mambas
  A cane toad (Lair:3)
  2 rime drakes
  A kobold demonologist (D:9)
  2 komodo dragons
  A spectral unseen horror (D:9)
  A queen bee (Lair:2)
  5 trolls
  2 tyrant leeches (Lair:2)
  Grinder (D:5)
  5 blink frogs (Lair:2)
  6 dream sheep (Lair:3)
  4 shadows
  16 yaks
  Grum (D:11)
  3 basilisks
  4 wyverns
  2 steam dragons
  Menkaure (D:4)
  4 vampire mosquitoes (D:10)
  5 nagas
  A swamp worm (Lair:2)
  6 water moccasins
  2 ice beasts (D:7)
  4 black bears
  2 sky beasts
  4 orc warriors
  An ogre (D:4)
  A centaur (D:5)
  7 wolves
  7 kobold brigands
  2 lemures (D:4)
  3 phantoms
  3 scorpions (D:5)
  8 bullfrogs
  12 wights
  25 killer bees
  2 howler monkeys
  A centaur zombie (D:9)
  6 hounds
  2 jellies
  A centaur skeleton (D:9)
  An iron imp (D:9)
  5 orc priests
  A sleepcap (D:7)
  6 iguanas
  13 orc wizards
  A howler monkey zombie (D:9)
  10 adders
  7 gnolls (D:2)
  4 river rats (Sewer)
  A shadow imp (D:5)
  5 white imps
  An ufetubus (D:4)
  2 worms
  A dart slug (D:3)
  51 orcs
  7 endoplasms
  A giant cockroach (D:2)
  8 goblins
  7 hobgoblins
  2 jackals (D:5)
  2 quokkas
  9 ball pythons
  8 bats
  2 frilled lizards (Sewer)
  36 kobolds
  29 rats
406 creatures vanquished.

Vanquished Creatures (collateral kills)
  An unseen horror zombie (D:9)
  2 yaks (D:10)
  A sky beast (D:7)
  An orc warrior (D:7)
  6 wolves (Lair:1)
  2 killer bees (D:10)
  An orc (D:7)
14 creatures vanquished.

Vanquished Creatures (others)
  An orc wizard (D:6)
  11 fungi
  35 plants
47 creatures vanquished.

Grand Total: 467 creatures vanquished

Notes
Turn   | Place    | Note
-------+----------+-------------------------------------------
     0 | D:1      | Sondawg117 the Minotaur Berserker began the quest for the
                  | Orb.
     0 | D:1      | Reached XP level 1. HP: 19/19 MP: 0/0
   147 | D:1      | Reached XP level 2. HP: 26/26 MP: 1/1
   274 | D:1      | Found a faded altar of an unknown god.
   918 | D:2      | Reached skill level 5 in Axes
   946 | D:2      | Reached XP level 3. HP: 26/31 MP: 2/2
  1039 | D:2      | Identified the +0 ring mail of the Baker {Regen+ Dex+3}
  1161 | D:2      | Reached ** piety under Trog
  1224 | D:2      | Reached XP level 4. HP: 25/39 MP: 3/3
  1643 | D:2      | Reached XP level 5. HP: 45/45 MP: 4/4
  2095 | D:3      | Found an iron altar of Okawaru.
  2430 | D:3      | Found a faded altar of an unknown god.
  2435 | D:3      | Found a glowing golden altar of the Shining One.
  2612 | D:4      | Noticed Menkaure
  2634 | D:4      | Killed Menkaure
  2635 | D:4      | Reached XP level 6. HP: 22/51 MP: 5/5
  2708 | D:4      | Found a shadowy altar of Dithmenos.
  2720 | D:4      | Noticed Pikel
  2880 | D:4      | Killed Pikel
  2881 | D:4      | Reached XP level 7. HP: 57/57 MP: 6/6
  2990 | D:4      | Found an ornate altar of the Wu Jian Council.
  3181 | D:4      | Reached XP level 8. HP: 53/64 MP: 7/7
  3240 | D:4      | Found a radiant altar of Vehumet.
  3416 | D:5      | Entered Level 5 of the Dungeon
  3442 | D:5      | Reached *** piety under Trog
  3453 | D:5      | Found a glowing drain.
  3468 | D:5      | Noticed Grinder
  3483 | D:5      | Killed Grinder
  3493 | Sewer    | Entered a sewer
  3755 | Sewer    | Reached **** piety under Trog
  4281 | D:5      | You fall into a shaft and drop 2 floors!
  4397 | D:7      | Reached XP level 9. HP: 70/70 MP: 8/8
  4516 | D:7      | Reached skill level 15 in Axes
  4537 | D:7      | Found a blossoming altar of Fedhas.
  4636 | D:6      | Reached skill level 1 in Maces & Flails
  4806 | D:6      | Reached skill level 5 in Maces & Flails
  5092 | D:5      | Found a glowing silver altar of Zin.
  5203 | D:5      | Identified the +0 ring mail "Rol Ept" {rPois Str+3}
  5373 | D:5      | Reached ***** piety under Trog
  5384 | D:5      | Found a staircase to the Ecumenical Temple.
  6279 | D:7      | Found a broken altar of Ashenzari.
  6287 | D:7      | Reached XP level 10. HP: 74/77 MP: 9/9
  6294 | D:7      | Found a snail-covered altar of Cheibriados.
  6294 | D:7      | Found a basalt altar of Yredelemnul.
  6315 | D:7      | Found a glowing golden altar of the Shining One.
  6315 | D:7      | Found a broken altar of Ashenzari.
  6315 | D:7      | Found a shimmering altar of Xom.
  6658 | D:7      | Identified a scroll of acquirement
  6658 | D:7      | Acquired a +1 broad axe of flaming
  6886 | D:8      | Found an opulent altar of Gozag.
  7038 | D:8      | Acquired 806 gold pieces
  7172 | D:8      | Found a hide-covered altar of Uskayaw.
  7291 | D:8      | Reached skill level 10 in Maces & Flails
  7320 | D:8      | Found a hazy altar of Hepliaklqana.
  7369 | D:8      | Found a basalt altar of Yredelemnul.
  7625 | D:9      | Reached skill level 5 in Fighting
  7627 | D:9      | Noticed an orange demon
  7684 | D:9      | Identified the +0 chain mail "Nugin" {rF+}
  8033 | D:9      | Found a snail-covered altar of Cheibriados.
  8436 | D:9      | Found a sparkling altar of Nemelex Xobeh.
  8503 | D:10     | Entered Level 10 of the Dungeon
  8517 | D:10     | Reached skill level 10 in Fighting
  8518 | D:10     | Reached XP level 11. HP: 47/101 MP: 10/10
  8954 | D:10     | Noticed a two-headed ogre
  8964 | D:10     | Killed a two-headed ogre
  9066 | D:10     | Noticed a two-headed ogre
  9071 | D:10     | Killed a two-headed ogre
  9287 | D:10     | Found a shimmering blue altar of Sif Muna.
  9316 | D:10     | Noticed a boulder beetle
  9340 | D:10     | Killed a boulder beetle
  9782 | D:10     | Found a sacrificial altar of Ru.
  9968 | D:11     | Found a glowing silver altar of Zin.
 10097 | D:11     | Noticed Grum
 10123 | D:11     | Killed Grum
 10895 | D:11     | Reached skill level 15 in Fighting
 11021 | D:11     | Found a staircase to the Lair.
 11252 | Lair:1   | Entered Level 1 of the Lair of Beasts
 11268 | Lair:1   | Reached XP level 12. HP: 118/119 MP: 11/11
 11398 | Lair:1   | Reached skill level 5 in Armour
 12500 | Lair:2   | Found a runed translucent gate.
 12500 | Lair:2   | Found a runed translucent gate.
 12500 | Lair:2   | Found a runed translucent gate.
 12501 | Lair:2   | Noticed Alarkh's ghost (journeyman DsHs)
 13206 | Lair:2   | Found a staircase to the Swamp.
 13700 | Lair:3   | Found a staircase to the Snake Pit.
 13719 | Lair:3   | Reached skill level 10 in Armour
 14076 | Lair:3   | Noticed a five-headed hydra
 14096 | Lair:3   | Killed a two-headed hydra
 14157 | Lair:3   | Noticed Nergalle
 14164 | Lair:3   | Killed Nergalle
 14558 | Snake:1  | Entered Level 1 of the Snake Pit
 14654 | Snake:1  | HP: 5/119 [shock serpent/bolt of electricity (16)]
 14815 | Snake:1  | You fall into a shaft and drop 1 floor!
 14993 | Snake:2  | Reached XP level 13. HP: 103/126 MP: 12/12
 15205 | Snake:2  | Slain by a shock serpent

Illustrated notes

Levels and vault maps discovered:
D:1:      giann_horns, layout_loops_ring, basic_ecumenical_altar
D:2:      layout_basic, minivault_5
D:3:      layout_rooms, nicolae_overflow_ecumenical_swirl,
          mainiacjoe_overflow_concentric_impassable
D:4:      layout_cave_pools, mainiacjoe_overflow_small_starburst,
          nicolae_vehumet_altar_sigil, overflow_temple_1_default, uniq_pikel,
          uniq_menkaure
D:5:      minmay_diamond_boxcup, layout_gridville, old_standard_altar,
          minmay_temple_entry_grid, cheibrodos_sewer_entry_sluice, uniq_grinder
D:6:      layout_loops_ring
D:7:      layout_basic, lemuel_doored_altar, doesnt_xom_only_xom,
          kennysheep_generic_room_5
D:8:      layout_basic, nicolae_gozag_seed_capital,
          lemuel_coloured_pillars_altar, marbit_many_paths,
          general_overflow_altar, serial_curves, eino_curves_02, eino_curves_01,
          eino_curves_03
D:9:      layout_roguey, lemuel_round_altar, slow_altar_2,
          hangedman_weighted_door
D:10:     lemuel_troll_bridge, layout_long_grid, led_sif_pool,
          amcnicky_altar_gilded
D:11:     layout_basic, david_lair_shrubbed, zin_statuary, uniq_grum
Lair:1:   layout_misc_corridors, chequers_serial_rivers_micro_d, st_stairs_13
Lair:2:   layout_cave_pods, minmay_swamp_entry_worms,
          gammafunk_ghost_necromancy, special_room [special_room_bee]
Lair:3:   layout_concentric_octagons, minmay_snake_entry_guardpost_small,
          dreamdust_mushroom_princess, uniq_nergalle
Snake:1:  layout_misc_corridors, serial_shops, shop, basic_altar,
          grunt_ministairs_6, serial_bayou_shore_a
Snake:2:  layout_misc_corridors, gammafunk_ghost_abyssal_escape,
          serial_bayou_ford_a, drop_trap, st_stairs_8, library_closet,
          serial_bayou_shore_b

Skill      XL: |  1  2  3  4  5  6  7  8  9 10 11 12 |
---------------+-------------------------------------+-----
Axes           | 4 5 6 8 11 14 15 | 15.0
Maces & Flails | 8 10 | 10.0
Fighting       | 10 15 | 15.0
Armour         | 4 13 | 13.7
Dodging        | |  2.1

Action                     |  1- 3 |  4- 6 |  7- 9 | 10-12 | 13-15 || total
---------------------------+-------+-------+-------+-------+-------++-------
  Melee: Hand axe          |    87 |   101 |   207 |       |       ||   395
         Headbutt          |     7 |    24 |    62 |    94 |     8 ||   195
         Punch             |     1 |       |     3 |     4 |       ||     8
         Flail             |       |       |    90 |     9 |       ||    99
         Mace              |       |       |    64 |       |       ||    64
         Broad axe         |       |       |       |   497 |    23 ||   520
   Fire: Sling             |       |     4 |       |       |       ||     4
  Throw: Stone             |       |     8 |       |     2 |       ||    10
 Invoke: Berserk           |     1 |     4 |     2 |    10 |     1 ||    18
         Trog's Hand       |       |     2 |     3 |     2 |       ||     7
         Brothers in Arms  |       |       |     2 |     4 |       ||     6
  Evoke: Wand              |       |       |       |    15 |       ||    15
    Use: Potion            |       |       |     7 |     8 |       ||    15
         Scroll            |       |       |     6 |    15 |       ||    21
 Armour: Animal skin       |     7 |       |       |       |       ||     7
         Ring mail         |     3 |    13 |    39 |       |       ||    55
         Plate armour      |       |       |    48 |   173 |    11 ||   232
  Dodge: Dodged            |    45 |    51 |   161 |   253 |    15 ||   525
